 Dungeon Crawl Stone Soup version 0.22.1-2-g9c5b331 (webtiles) character file.

716 diana the Cudgeler (level 7, -1/61 HPs)
             Began as a Pale Draconian Gladiator on Nov 26, 2018.
             Was an Initiate of Okawaru.
             Slain by a sky beast (4 damage)
             ... on level 5 of the Dungeon.
             The game lasted 00:06:49 (4820 turns).

diana the Cudgeler (Pale Draconian Gladiator)       Turns: 4820, Time: 00:06:50

Health: -1/61      AC:  3    Str: 16 (19) XL:     7   Next: 41%
Magic:  0/7        EV: 12    Int:  7 (8)  God:    Okawaru [......]
Gold:   329        SH:  0    Dex: 10 (12) Spells: 6/6 levels left

rFire    . . .     SeeInvis .   j - +3 mace (venom)
rCold    . . .     Gourm    .   (no shield)
rNeg     . . .     Faith    .   (armour unavailable)
rPois    .         Spirit   +   b - +0 hat
rElec    .         Reflect  .   (no cloak)
rCorr    .         Harm     .   (no gloves)
MR       .....                  (no boots)
Stlth    +.........             q - amulet of guardian spirit
HPRegen  0.20/turn              n - -3 ring of protection (curse)
MPRegen  0.10/turn              (no ring)

@: hasted, very quick
A: breathe steam, unfitting armour, cold-blooded, AC +6
a: Breathe Steam, Renounce Religion


You were on level 5 of the Dungeon.
You worshipped Okawaru.
Okawaru was noncommittal.
You were not hungry.

You visited 2 branches of the dungeon, and saw 6 of its levels.

You collected 329 gold pieces.

Inventory:

Hand Weapons
 a - a +0 flail
 j - a +3 mace of venom (weapon)
Missiles
 c - 4 throwing nets (quivered)
Armour
 b - a +0 hat (worn)
Jewellery
 n - a cursed -3 ring of protection (left hand)
 q - an amulet of guardian spirit (around neck)
 r - an uncursed ring of protection from magic {unknown}
Scrolls
 e - 2 scrolls of random uselessness
 f - a scroll of enchant weapon {unknown}
 g - a scroll of magic mapping {unknown}
 i - 2 scrolls of remove curse {unknown}
 k - a scroll of amnesia
 l - 2 scrolls of immolation {unknown}
 m - 5 scrolls of identify {unknown}
 o - a scroll of enchant armour {unknown}
 t - a scroll of fog {unknown}
Potions
 h - 2 potions of curing
Comestibles
 d - 9 rations


   Skills:
 + Level 5.5 Fighting
 * Level 7.4 Maces & Flails
 - Level 1.7 Throwing
 - Level 2.6 Dodging


You had 6 spell levels left.
You didn't know any spells.
Your spell library was empty.

Dungeon Overview and Level Annotations

Branches:
Dungeon (5/15)             Temple (1/1) D:4

Altars:
Ashenzari
Dithmenos
Elyvilon
Fedhas
Gozag
Kikubaaqudgha
Nemelex Xobeh
Okawaru
Ru
Sif Muna
Vehumet
Wu Jian
Xom
Zin
The Shining One


Innate Abilities, Weirdness & Mutations

You can breathe blasts of scalding, opaque steam.
Your pale cyan-grey scales are hard. (AC +6)
You cannot fit into any form of body armour.
You are cold-blooded and may be slowed by cold attacks.


Message History

Deactivating autopickup; reactivate with Ctrl-A.
The hound bites you.
You barely miss the hound.
Your tail-slap misses the hound.
The hound is heavily wounded.
The hound bites you. x2
* * * LOW HITPOINT WARNING * * *
You thump the hound!
You kill the hound!
Okawaru accepts your kill. The hound barely misses you.
You hit something. Something hits you but does no damage. The hound bites you.
* * * LOW HITPOINT WARNING * * *
You closely miss something. You hit something. The hound bites you.
* * * LOW HITPOINT WARNING * * *
Something barely misses you.
You hit something. The hound bites you but does no damage. Something hits you.
* * * LOW HITPOINT WARNING * * *
Something shocks you.
You die...

# # # [. # #. #.#. #
.##. . # ... .## #
#. .g ..# # #.##g
#.# # #
#.##h##.#####
########.#
#.##.@{h....#
#........#
#.#####.###.#
#........# #.#####.#
....###..###.......#
##...##..>......####
.##.......##.##.#
..#.......##.##.##
)####..##.##.....#
'#..##....#####<.#


You could see 2 hounds and 2 gnolls.

Vanquished Creatures
  A phantom (D:4)
  An ogre (D:5)
  2 vampire bats (D:4)
  2 howler monkeys
  3 hounds
  A centaur skeleton (D:4)
  2 orc wizards (D:3)
  A bullfrog skeleton (D:4)
  A hound zombie (D:5)
  A hound skeleton (D:5)
  A worker ant zombie (D:5)
  4 adders
  A shadow imp (D:5)
  An ooze (D:5)
  3 worms
  2 dart slugs
  2 leopard geckos (D:3)
  5 orcs
  5 bats
  A bat skeleton (D:4)
  5 bat zombies (D:4)
  4 giant cockroaches
  12 goblins
  9 hobgoblins
  3 quokkas
  7 frilled lizards
  12 kobolds
  9 rats
101 creatures vanquished.

Notes
Turn   | Place    | Note
-------+----------+-------------------------------------------
     0 | D:1      | diana the Draconian Gladiator began the quest for the Orb.
     0 | D:1      | Reached XP level 1. HP: 17/17 MP: 1/1
   303 | D:1      | Reached XP level 2. HP: 18/25 MP: 2/2
  1174 | D:2      | Reached XP level 3. HP: 22/30 MP: 3/3
  1363 | D:2      | Reached skill level 4 in Maces & Flails
  1918 | D:2      | Found a glowing golden altar of the Shining One.
  1957 | D:2      | Reached XP level 4. HP: 36/38 MP: 4/4
  2314 | D:2      | Found a glowing silver altar of Zin.
  2505 | D:3      | Found an opulent altar of Gozag.
  2536 | D:3      | Reached skill level 5 in Maces & Flails
  2536 | D:3      | Reached XP level 5. HP: 30/46 MP: 5/5
  3158 | D:3      | Found a shattered altar of Ashenzari.
  3384 | D:3      | Found a deep blue altar of Sif Muna.
  3585 | D:4      | Noticed a phantom
  3730 | D:4      | Found an ancient bone altar of Kikubaaqudgha.
  3737 | D:4      | Reached XP level 6. HP: 51/53 MP: 6/6
  3808 | D:4      | Reached skill level 6 in Maces & Flails
  3812 | D:4      | Found a blossoming altar of Fedhas.
  4257 | D:4      | Reached skill level 5 in Fighting
  4433 | D:4      | Found a staircase to the Ecumenical Temple.
  4445 | Temple   | Entered the Ecumenical Temple
  4452 | Temple   | Became a worshipper of Warmaster Okawaru
  4539 | D:5      | Entered Level 5 of the Dungeon
  4545 | D:5      | Your scales start taking on a pale cyan-grey colour.
  4545 | D:5      | Reached XP level 7. HP: 61/61 MP: 7/7
  4601 | D:5      | Found a sparkling altar of Nemelex Xobeh.
  4612 | D:5      | Reached skill level 7 in Maces & Flails
  4820 | D:5      | HP: 3/61 [something (3)]
  4820 | D:5      | Slain by a sky beast

Skill      XL: |  1  2  3  4  5  6  7 |
---------------+----------------------+-----
Maces & Flails | 4 5 6 7 |  7.4
Fighting       | 3 4 5 |  5.5
Throwing       | |  1.7
Dodging        | |  2.6

Action                   |  1- 3 |  4- 6 |  7- 9 || total
-------------------------+-------+-------+-------++-------
Melee: Flail             |   180 |    87 |       ||   267
       Tailslap          |    16 |    16 |     7 ||    39
       Mace              |       |    65 |    38 ||   103
  Use: Potion            |     1 |     1 |     3 ||     5
       Scroll            |       |     2 |       ||     2
 Stab: Sleeping          |     4 |     1 |       ||     5
       Distracted        |       |     1 |       ||     1
  Eat: Chunk             |     3 |     5 |     1 ||     9
       Ration            |       |     1 |       ||     1
Armor: Skin              |    60 |    62 |     8 ||   130
Dodge: Dodged            |   137 |   106 |    27 ||   270
